 Dungeon Crawl Stone Soup version 0.29-a0-1016-g236c7fd91e (webtiles) character file.

Game seed: 5118861758728927846

37 ytrimaz the Magician (level 3, -5/23 HPs)
             Began as an Octopode Transmuter on Aug 9, 2022.
             Killed from afar by Terence (19 damage)
             ... with a bolt of dispelling energy
             ... on level 2 of the Dungeon.
             The game lasted 00:01:26 (1446 turns).

ytrimaz the Magician (Octopode Transmuter)          Turns: 1446, Time: 00:01:27

Health: -5/23      AC:  2    Str:  9    XL:     3   Next: 41%
Magic:  3/7        EV: 19    Int: 17    God:
Gold:   19         SH:  0    Dex: 17    Spells: 4/8 levels left

rFire   . . .      SeeInvis .     - Unarmed
rCold   . . .      Faith    .   (shield currently unavailable)
rNeg    . . .      Spirit   .   (helmet currently unavailable)
rPois   x          Reflect  .   (no amulet)
rElec   .          Harm     .   (no ring)
rCorr   .          Rampage  .   (no ring)
Will    .....                   (no ring)
Stlth   ++........              (no ring)
HPRegen 0.07/turn               (no ring)
MPRegen 0.10/turn               (no ring)
                                (no ring)
                                (no ring)

@: spider-form (expiring)
A: venomous fangs, almost no armour, (amphibious), 8 rings, tiny, (camouflage
1), (gelatinous body 1), (nimble swimmer 1), (tentacles)
a: End Transformation


You were on level 2 of the Dungeon.
You were a venomous arachnid creature.
You visited 1 branch of the dungeon, and saw 2 of its levels.

You collected 19 gold pieces.

Inventory:

Scrolls
 a - a scroll of teleportation {unknown}
 d - a scroll of torment
 g - 3 scrolls of immolation


   Skills:
 - Level 1.0 Fighting
 - Level 2.0 Dodging
 - Level 3.0 Unarmed Combat
 * Level 3.1 Spellcasting
 + Level 2.5 Transmutations


You had 4 spell levels left.
You knew the following spells:

 Your Spells              Type           Power      Damage    Failure   Level
a - Beastly Appendage     Tmut           22%        N/A       17%         1
b - Spider Form           Tmut/Pois      6%         N/A       52%         3

Your spell library contained the following spells:

 Spells                   Type           Power      Damage    Failure   Level
 Wereblood                Tmut           11%        N/A       24%         2
 Inner Flame              Hex/Fire       2%         N/A       67%         3
 Ice Form                 Ice/Tmut       6%         N/A       87%         4
 Cause Fear               Hex            1%         N/A       95%         4
 Discord                  Hex            1%         N/A       100%        8


Dungeon Overview and Level Annotations

Branches:
Dungeon (2/15)

Altars:

Shops:
D:1 *

Annotations:
D:2 Terence


Innate Abilities, Weirdness & Mutations

You are a venomous arachnid creature.
You have poisonous fangs.
You are tiny and dextrous.
Your spellcasting is less reliable in this form.
Your armour is entirely melded.
You are incapable of wielding weapons or throwing items.
You cannot wear most types of armour.
((You are amphibious.))
You can wear up to eight rings at the same time.
((Your skin changes colour to match your surroundings (Stealth+).))
((Your rubbery body absorbs attacks. (AC +1, EV +1)))
((You are camouflaged when in or above water. (Stealth+)))
((You have tentacles for arms and can constrict up to eight enemies at once.))


Message History

You start waiting.
Done waiting.
This spell is extremely dangerous to cast!
Memorise Spider Form, consuming 3 spell levels and leaving 4?
You start memorising the spell.
You continue memorising. x3
You finish memorising.
Spell assigned to 'b'.
Unknown command.
g - 3 scrolls of immolation (gained 1)
a - a scroll labelled GUMMOSAESS
Found a robe and 4 poisoned darts.
Found 5 stones.
You now have 19 gold pieces (gained 11).
Terence the Incautious comes into view.
He is wielding a +0 mace and carrying a wand of quicksilver (9).
Terence is nearby!
Terence is nearby!
One of your tentacles grows a vicious spike.
A hobgoblin comes into view.
Casting: Beastly Appendage (safe; 6% risk of failure)
Confirm with . or Enter, or press ? or * to list all spells.
You don't know that spell.
There are monsters nearby!
Casting: Beastly Appendage (safe; 6% risk of failure)
Confirm with . or Enter, or press ? or * to list all spells.
You don't know that spell.
Casting: Beastly Appendage (safe; 6% risk of failure)
Confirm with . or Enter, or press ? or * to list all spells.
The spell is extremely dangerous to miscast (30% risk of failure)!
Continue anyway?
Your tentacle spike disappears.
You turn into a venomous arachnid creature.
The hobgoblin shouts!
Terence shouts!
Unknown command.
You barely miss Terence. Terence hits you with a +0 mace!
You hit Terence but do no damage.
Your transformation is almost over.
Terence barely misses you.
You hit Terence but do no damage.
Terence zaps a wand.
The bolt of dispelling energy hits you!!
Your magical effects are unravelling.
Ouch! That really hurt!
You die...

#.###.###.#.###.# #....
#(.....#....# #.# ##...
.###....#### #+# ##.#
#........[## #... #.#
#.##......(##.... #.#
#.......#..... .#####..
##.......$..............
#.......g...............
.....?..s#...g......###..
##.#.#.#@##.......# #..
#.###.#.# #..... #..
#.#.# #... ### ..#.# #+#
#.##### # #.# #...... #.#
####### #.#


You could see Terence and a hobgoblin.

Vanquished Creatures
  2 adders (D:2)
  A dart slug (D:1)
  An endoplasm (D:1)
  A giant cockroach (D:1)
  3 goblins (D:1)
  A hobgoblin (D:1)
  A kobold (D:1)
  3 quokkas (D:1)
  A ball python (D:1)
  A bat (D:1)
  A frilled lizard (D:1)
  A rat (D:1)
17 creatures vanquished.

Notes
Turn   | Place    | Note
-------+----------+-------------------------------------------
     0 | D:1      | ytrimaz the Octopode Transmuter began the quest for the
                  | Orb.
     0 | D:1      | Reached XP level 1. HP: 13/13 MP: 3/3
    22 | D:1      | Found a faded altar of an unknown god.
    40 | D:1      | Found Qepimuxzo's Assorted Antiques.
   272 | D:1      | Reached XP level 2. HP: 18/18 MP: 3/5
   934 | D:2      | Reached XP level 3. HP: 23/23 MP: 4/7
  1407 | D:2      | Learned a level 3 spell: Spider Form
  1437 | D:2      | Noticed Terence
  1446 | D:2      | Killed from afar by Terence

Illustrated notes

Levels and vault maps discovered:
D:1:      minmay_arrival_hallway, layout_rooms,
          dreamdust_ecumenical_altar_statues, serial_shops, shop_fountains,
          minivault_27
D:2:      layout_loops_corners, basic_altar, uniq_sigmund, uniq_terence,
          uniq_natasha

Skill      XL: |  1  2 |
---------------+-------+-----
Spellcasting   | 3 |  3.1
Fighting       | |  1.0
Dodging        | |  2.0
Unarmed Combat | |  3.0
Transmutations | |  2.5

Action                   || total
-------------------------++-------
Melee: Unarmed           ||    49
       Constrict         ||    11
       Kick              ||     9
       Tentacles         ||     7
 Cast: Beastly Appendage ||     9
       Spider Form       ||     1
  Use: Scroll            ||     4
       Potion            ||     3
 Stab: Sleeping          ||     4
Armor: Skin              ||     4
Dodge: Dodged            ||    30

Table legend: (Time is in decaauts)
 A = Elapsed time spent in this place.
 B = Non-inter-level travel time spent in this place.
 C = Inter-level travel time spent in this place.
 D = Time resting spent in this place.
 E = Time spent auto-exploring this place.
 F = Levels seen in this place.
 G = Mean time per level.
                   A        B        C        D        E       F      G
               +--------+--------+--------+--------+--------+-----+--------+
         Total |   1442 |   1415 |     27 |    518 |    707 |   2 |  721.0 |
       Dungeon |   1442 |   1415 |     27 |    518 |    707 |   2 |  721.0 |
               +--------+--------+--------+--------+--------+-----+--------+

Top non-repeatable levels by time:
     D:1: 921 daAuts
     D:2: 521 daAuts
